[Event "Metz op 31th"]
[Site "Metz"]
[Date "2013.04.24"]
[Round "4"]
[White "Klek, Hanna Marie"]
[Black "Donchenko, Alexander"]
[Result "0-1"]
[ECO "B21"]
[WhiteElo "2332"]
[BlackElo "2428"]
[Annotator "Metz Alekhine/Primel,D"]
[PlyCount "78"]
[EventDate "2013.04.20"]
[EventType "swiss"]
[EventRounds "9"]
[EventCountry "FRA"]
[SourceTitle "EXT 2016"]
[Source "ChessBase"]
[SourceDate "2015.10.08"]
[SourceVersion "1"]
[SourceVersionDate "2015.10.08"]
[SourceQuality "1"]
[TimeControl "40/5400:1800+30"]
[WhiteClock "1:30:00"]
[BlackClock "1:30:00"]

1. e4 c5 2. d4 cxd4 3. c3 {Le gambit Morra a été relancé récemment après
la publication d'une monographie mais sa correction n'est toujours pas
démontrée mais devant l'échiquier, c'est souvent une mauvaise surprise pour
les Noirs} dxc3 4. Nxc3 Nc6 5. Nf3 d6 6. Bc4 a6 7. O-O Nf6 8. Bf4 (8. Qe2 Bg4 $132) (8. h3 e6 9. Bf4 Be7 10. Qe2 b5 11. Bb3 Na5 12. Rfd1 Qb6
13. Bc2 Bb7 14. e5 dxe5 15. Nxe5 Rc8 16. Bg5 Nc4 17. Bxf6 gxf6 18. Nxc4 Rxc4
19. Be4 Rg8 20. Bxb7 Qxb7 21. g3 f5 22. a4 Bc5 23. Kh2 Rf4 24. Rf1 b4 25. Nd1
Bd6 26. Rg1 Rf3 27. Rc1 Ke7 28. Ne3 Kf6 29. Rcd1 Bc5 30. Rd3 Bxe3 31. Rxe3 Rxe3
32. Qxe3 Qe4 33. Qh6+ Ke7 34. Rd1 Rg6 35. Qxh7 f4 36. Qh4+ Rf6 37. Rd7+ Kxd7 {
Berg,E (2539)-Hillarp Persson,T (2529) Gothenburg 2013 1/2-1/2 (66)}) 8... Bg4
$1 (8... e6 $143 9. Qe2 Be7 10. Rfd1 Qc7 11. Rac1 O-O 12. Bb3 ) 9. h3 Bxf3 (9... Bh5) 10. Qxf3 e6 11. Rfd1 Qb8 $1 (
11... Qc7 {La même idée que Qb8 pour surcontrôler la case "e5" mais la Qc7
est assez exposée} 12. Rac1 Be7 13. Bb3 O-O 14. Nd5 $44 {
Anderson,J (2179)-Wells,P (2488) Brighton op 2012 (2) 1/2-1/2}) 12. Bb3 $146 (
12. Rac1 Be7 13. Qd3 Ne5 14. Bxe5 dxe5 15. Qe2 O-O 16. f4 b5 17. Bb3 Bc5+ 18.
Kh1 Bd4 19. g4 Bxc3 20. g5 Ne8 21. Rxc3 exf4 22. e5 g6 23. Qe4 Ng7 24. Qxf4 Nh5
25. Qe3 Qb7+ 26. Qf3 Qe7 27. h4 Qb4 28. Qf2 Qe4+ 29. Rf3 Rad8 30. Re1 Qb4 31.
a3 Qg4 32. Rf1 Rd4 33. Bxe6 Qxh4+ 34. Qxh4 Rxh4+ 35. Kg2 Rf4 36. Rxf4 Nxf4+ 37.
Rxf4 fxe6 38. Rf6 a5 39. Kg3 Re8 40. Kf4 Kg7 41. Kg4 a4 {Simoncini,F (2020)
-Rowson,J (2574) Porto Mannu 2013 0-1 (69)}) 12... Be7 13. Rd2 O-O 14. Rad1 Rd8
15. a4 $6 Qc7 $1 16. g4 $6 (16. Rc2 Qb6) 16... Ne5 $15 17. Qe2 h6 18. Be3 Rac8
{Les Noirs ont terminé le développement et les Blancs n'ont pas d'attaque}
19. f4 Nc4 20. Bxc4 Qxc4 21. Qf3 d5 $17 22. exd5 Nxd5 23. Nxd5 exd5 24. Rxd5
Qxa4 25. Rxd8+ Bxd8 26. Rd2 Qb3 27. Rf2 $2 Bh4 28. Re2 Bf6 29. Qf2 Re8 30. Kh2 Qd3 31. Re1 Bxb2 32. Qxb2 Rxe3 33. Rxe3 Qxe3 34.
Qxb7 Qxf4+ 35. Kg2 Qd2+ 36. Kg3 Qd3+ 37. Kg2 g6 38. Qb8+ Kh7 39. Qb7 Qc4 0-1